 Dungeon Crawl Stone Soup version 0.31-a0-1321-g5021b54cb2 (webtiles) character file.

Game seed: 9345196880194592397

114 croobank the Ruffian (level 4, -8/30 HPs)
             Began as an Octopode Shapeshifter on Dec 20, 2023.
             Was an Initiate of Ashenzari.
             Killed from afar by Ijyb (17 damage)
             ... with a bolt of light
             ... on level 3 of the Dungeon.
             The game lasted 00:03:27 (1890 turns).

croobank the Ruffian (Octopode Shapeshifter)        Turns: 1890, Time: 00:03:28

Health: -8/30      AC:  1    Str: 14 (17) XL:     4   Next: 98%
Magic:  4/4        EV: 13    Int: 13 (14) God:    Ashenzari [......]
Gold:   103        SH:  0    Dex:  8 (11) Spells: 3/3 levels left

rFire   . . .        g - +7 mace of the Endless Expanse {protect, ^Drain rC+ Str+4}
rCold   + . .        (no shield)
rNeg    + . .        (helmet currently unavailable)
rPois   .            (no amulet)
rElec   .            d - ring "Prison of Ashenzari" {rN+, Elem, Range} (curse)
rCorr   .            (no ring)
SInv    .            (no ring)
Will    .....        (no ring)
Stlth   ++           (no ring)
HPRegen 0.25/turn    (no ring)
MPRegen 0.09/turn    (no ring)
                     (no ring)

%: no passive effects
@: brilliant, beast-form
A: beast (slay +2), almost no armour, amphibious, 8 rings, camouflage 1,
gelatinous body 1, (nimble swimmer 1), tentacles
a: Begin Untransformation, Renounce Religion, Shatter the Chains


You were on level 3 of the Dungeon.
You worshipped Ashenzari.
Ashenzari was noncommittal.
You were a hulking beast.
You visited 1 branch of the dungeon, and saw 3 of its levels.

You collected 103 gold pieces.

Inventory:

Hand Weapons
 a - a +2 dagger of venom
 g - the +7 mace of the Endless Expanse (weapon) {protect, ^Drain rC+ Str+4}
   (You found it on level 2 of the Dungeon)

   Str+4:     It affects your strength (+4).
   rC+:       It protects you from cold.
   ^Drain:    It drains your maximum health when unequipped.
 k - a +0 trident
Missiles
 j - 4 poisoned darts
 l - 2 boomerangs
Jewellery
 d - the cursed ring "Prison of Ashenzari" (left tentacle) {rN+, Elem, Range}
   (You found it on level 1 of the Dungeon)

   [ring of positive energy]

   rN+:       It protects you from negative energy.
   It has a curse which improves the following skills: Elements: Fire Magic, Ice
   Magic, Air Magic and Earth Magic.
   Ranged Combat: Ranged Weapons and Throwing.
 i - a ring of willpower
Talismans
 b - a beast talisman
 c - a flux talisman
Scrolls
 f - a scroll of fear {unknown}
 m - a scroll of identify {unknown}
Potions
 e - a potion of brilliance
 h - a potion of degeneration


   Skills:
 + Level 2.3 Fighting
 + Level 2.9 Dodging
 + Level 3.7 Unarmed Combat
 + Level 3.6 Shapeshifting


You had 3 spell levels left.
You didn't know any spells.
Your spell library was empty.

Dungeon Overview and Level Annotations

Branches:
Dungeon (3/15)

Altars:
Ashenzari

Annotations:
D:3 Ijyb


Innate Abilities, Weirdness & Mutations

You are a hulking beast.
Your limbs bulge with bestial killing power. (Slay +2)
You cannot wear most types of armour.
You are amphibious.
You can wear up to eight rings at the same time.
Your skin changes colour to match your surroundings (Stealth+).
Your rubbery body absorbs attacks. (AC +1, EV +1)
((You are camouflaged when in or above water. (Stealth+)))
You have tentacles for arms and can constrict up to eight enemies at once.


Message History

You kill the dart slug!
No target in view!
An adder comes into view.
Found a robe.
An adder is nearby!
An adder is nearby!
The adder hisses angrily.
A rat comes into view.
The adder bites you.
You closely miss the adder.
The rat squeaks loudly.
Your grab misses the adder. The adder bites you. x2
You barely miss the adder. Your grab misses the adder.
Your tentacle-slap misses the adder.
The adder barely misses you. The adder misses you.
You miss the adder. Your grab misses the adder. The adder barely misses you.
You miss the adder. You grab the adder. You squeeze the adder!
The adder is severely wounded.
You constrict the adder. The adder barely misses you.
Ijyb the Twisted Goblin comes into view.
She is wielding a +0 dagger and carrying a wand of light.
The adder misses you.
Ijyb shouts!
You sock the adder!
Your weapon exudes an aura of protection.
You kill the adder!
Ijyb zaps a wand.
The bolt of light hits the rat!!
The rat dies!
The bolt of light hits you!
Ouch! That really hurt!
* * * LOW HITPOINT WARNING * * *
You are too injured to fight recklessly!
You are too injured to fight recklessly!
It was a potion of brilliance.
You feel clever all of a sudden.
It was a potion of degeneration.
There was something very wrong with that liquid.
You feel weakened.
You feel dopey.
You feel clumsy.
Ijyb zaps a wand.
The bolt of light hits you!
Ouch! That really hurt!
You die...

## .[## #.. ...
#.# # ..#
#..#####.#
#..g†h...# #
.....#####.# .
.#.#.......# .#
...#####.##.##
#.......#...###
##.............
#.####.#^..##.
#.# #.##.##
##.####.####.#
.#


You could see Ijyb.

Vanquished Creatures
  An orc priest (D:3)
  2 adders (D:3)
  A worm (D:2)
  3 dart slugs
  2 orcs (D:3)
  9 ball pythons
  6 bats
  6 endoplasms
  A giant cockroach (D:1)
  6 goblins
  2 hobgoblins
  2 jackals (D:3)
  4 kobolds
  A quokka (D:2)
  3 frilled lizards
  7 rats
56 creatures vanquished.

Vanquished Creatures (others)
  A rat (D:3)
1 creature vanquished.

Grand Total: 57 creatures vanquished

Notes
Turn   | Place    | Note
-------+----------+-------------------------------------------
     0 | D:1      | croobank the Octopode Shapeshifter began the quest for the
                  | Orb.
     0 | D:1      | Reached XP level 1. HP: 13/13 MP: 1/1
   183 | D:1      | Reached XP level 2. HP: 18/18 MP: 2/2
   578 | D:1      | Reached XP level 3. HP: 22/23 MP: 3/3
   966 | D:2      | Found a faded altar of an unknown god.
   968 | D:2      | Prayed at the altar of an unknown god.
   968 | D:2      | Became a worshipper of Ashenzari the Shackled
   994 | D:2      | Identified the +7 mace of the Endless Expanse {protect,
                  | ^Drain rC+ Str+4}
  1701 | D:3      | Reached XP level 4. HP: 29/29 MP: 4/4
  1887 | D:3      | Noticed Ijyb
  1890 | D:3      | Killed from afar by Ijyb

Illustrated notes

Levels and vault maps discovered:
D:1:      mushboom_english_gardens, layout_basic, serial_corexii_hall,
          corexii_hall_statues_i, chequers_hall_statues_corner_a,
          corexii_hall_statues_x
D:2:      wander_river, layout_basic, chequers_ecumenical_altar_twisty
D:3:      layout_loops_ring, mainiacjoe_overflow_catwalk, fiery_altar_vehumet,
          minmay_misc_feat_rows, minmay_rat_hole, uniq_ijyb

Skill      XL: |  1  2  3 |
---------------+----------+-----
Fighting       | 2 |  2.3
Dodging        | |  2.9
Unarmed Combat | |  3.7
Shapeshifting  | |  3.6

Action                     |  1- 3 |  4- 6 || total
---------------------------+-------+-------++-------
  Melee: Unarmed           |    27 |       ||    27
         Constrict         |     9 |     6 ||    15
         Dagger            |    36 |       ||    36
         Tentacles         |     4 |     4 ||     8
         Mace              |    18 |    17 ||    35
 Invoke: Curse Item        |     1 |       ||     1
    Use: Potion            |     2 |     2 ||     4
   Stab: Sleeping          |    11 |     1 ||    12
 Armour: Skin              |    35 |     8 ||    43
  Dodge: Dodged            |    42 |     8 ||    50

Table legend: (Time is in decaauts)
 A = Elapsed time spent in this place.
 B = Non-inter-level travel time spent in this place.
 C = Inter-level travel time spent in this place.
 D = Time resting spent in this place.
 E = Time spent auto-exploring this place.
 F = Levels seen in this place.
 G = Mean time per level.
                   A        B        C        D        E       F      G
               +--------+--------+--------+--------+--------+-----+--------+
         Total |   1900 |   1784 |    116 |    331 |   1071 |   3 |  633.3 |
       Dungeon |   1900 |   1784 |    116 |    331 |   1071 |   3 |  633.3 |
               +--------+--------+--------+--------+--------+-----+--------+

Top non-repeatable levels by time:
     D:2: 885 daAuts
     D:1: 813 daAuts
     D:3: 201 daAuts
